 Dungeon Crawl Stone Soup version 0.29.1-1-gd02db6906a (console) character file.

Game seed: 16957780826759936954

79 shmup the Insei (level 4, -9/35 HPs)
             Began as a Draconian Transmuter on Sept 18, 2022.
             Killed by divine providence
             ... invoked by an orc priest
              (16 damage)
             ... on level 3 of the Dungeon.
             The game lasted 00:08:44 (3442 turns).

shmup the Insei (Draconian Transmuter)              Turns: 3442, Time: 00:08:45

Health: -9/35      AC:  5    Str: 12    XL:     4   Next: 17%
Magic:  7/7        EV: 12    Int: 15    God:
Gold:   146        SH:  0    Dex: 12    Spells: 4/7 levels left

rFire   . . .      SeeInvis .     - Unarmed
rCold   + . .      Faith    .   (no shield)
rNeg    . . .      Spirit   .   (body armour unavailable)
rPois   .          Reflect  .   (helmet restricted)
rElec   .          Harm     .   (no cloak)
rCorr   .          Rampage  .   (no gloves)
Will    .....                   (no boots)
Stlth   +.........              (no amulet)
HPRegen 0.11/turn               f - ring of wizardry
MPRegen 0.10/turn               p - ring of protection from cold

@: no status effects
A: AC +5, unfitting armour, cold-blooded
a: no special abilities


You were on level 3 of the Dungeon.
You visited 1 branch of the dungeon, and saw 3 of its levels.

You collected 146 gold pieces.

Inventory:

Hand Weapons
 r - a +0 hand axe of electrocution
Missiles
 c - 38 stones (quivered)
 m - 2 javelins
 o - 4 poisoned darts
Magical Staves
 q - a staff of earth
Jewellery
 f - a ring of wizardry (left hand)
 p - a ring of protection from cold (right hand)
Scrolls
 d - a scroll of vulnerability {unknown}
 e - a scroll of summoning {unknown}
 g - 2 scrolls of blinking {unknown}
 j - a scroll of noise {unknown}
 l - 3 scrolls of teleportation {unknown}
Potions
 a - a potion of lignification
 b - 3 potions of heal wounds {unknown}
 h - a potion of mutation {unknown}
 i - a potion of degeneration {unknown}
 k - 2 potions of resistance {unknown}
 n - a potion of flight {unknown}


   Skills:
 - Level 1.1 Fighting
 - Level 1.7 Dodging
 * Level 4.5 Unarmed Combat
 - Level 2.0 Spellcasting
 + Level 3.0 Transmutations


You had 4 spell levels left.
You knew the following spells:

 Your Spells              Type           Power      Damage    Failure   Level
a - Beastly Appendage     Tmut           20%        N/A       2%          1
b - Wereblood             Tmut           10%        N/A       4%          2

Your spell library contained the following spells:

 Spells                   Type           Power      Damage    Failure   Level
 Shock                    Conj/Air       4%         1d3       9%          1
 Summon Small Mammal      Summ           4%         N/A       9%          1
 Blink                    Tloc           2%         N/A       13%         2
 Spider Form              Tmut/Pois      6%         N/A       14%         3
 Call Canine Familiar     Summ           1%         N/A       26%         3
 Lesser Beckoning         Tloc           1%         N/A       26%         3
 Summon Guardian Golem    Hex/Summ       1%         N/A       26%         3
 Swiftness                Air            1%         N/A       26%         3
 Ice Form                 Ice/Tmut       6%         N/A       41%         4
 Airstrike                Air            0%         2d(1-17)  61%         4
 Manifold Assault         Tloc           1%         N/A       91%         5


Dungeon Overview and Level Annotations

Branches:
Dungeon (3/15)

Altars:

Annotations:
D:2 1 runed translucent door, Crazy Yiuf


Innate Abilities, Weirdness & Mutations

Your plain brown scales are hard. (AC +5)
You cannot fit into any form of body armour.
You are cold-blooded and may be slowed by cold attacks.


Message History

The orc priest looks encouraged for a moment.
You closely miss the orc priest.
The orc priest is moderately wounded.
The orc priest invokes the aid of Beogh against you.
You barely resist. You closely miss the orc priest.
The orc priest is moderately wounded.
You howl as the wereblood boils in your veins!
The orc priest hits you but does no damage.
You hit the orc priest but do no damage.
The orc priest is moderately wounded.
The orc priest calls down the wrath of Beogh upon you.
Beogh smites you!
* * * LOW HITPOINT WARNING * * *
You hit the orc priest but do no damage.
Your tail-slap misses the orc priest.
The orc priest is moderately wounded.
The orc priest hits you with a +0 trident.
* * * LOW HITPOINT WARNING * * *
Casting: Wereblood (safe; 4% risk of failure)
Confirm with . or Enter, or press ? or * to list all spells.
You miscast Beastly Appendage.
You are very lightly contaminated with residual magic.
Nothing appears to happen.
The orc priest hits you but does no damage.
You hit the orc priest but do no damage.
Your tail-slap misses the orc priest.
The orc priest is moderately wounded.
Your primal bloodlust is almost over.
The orc priest miscasts a cantrip.
The orc priest hits you from afar with a +0 trident.
* * * LOW HITPOINT WARNING * * *
Your magical contamination has completely faded away.
Your primal bloodlust has ended.
The orc priest looks braver for a moment.
The orc priest calls upon Beogh to heal the orc priest.
The orc priest's wounds heal themselves!
The orc priest calls down the wrath of Beogh upon you.
Beogh smites you!
You die...

.......▒▒▒▒▒.▒ ▒▒▒▒..............
▒▒...........▒ ▒..............
▒.......▒▒▒▒▒▒ ▒..............
▒.▒▒▒▒▒'▒▒▒▒ ▒............▒▒
▒..........▒ ▒▒▒▒▒▒▒▒▒▒▒'▒▒▒
▒▒.........▒ ▒▒▒▒▒▒▒▒▒▒'▒▒.▒▒▒
▒▒.........▒ ▒................
▒........▒▒▒ ▒............▒▒▒▒
▒▒▒▒▒▒▒..▒ ▒▒▒................
▒▒▒▒▒▒▒..▒▒▒▒▒▒.....▒▒▒▒▒▒.▒.▒▒▒.
..............'.d...o.o....▒.▒ ▒.
▒▒▒▒▒▒▒..▒▒▒▒▒▒.....▒▒▒▒▒▒▒▒o▒ ▒▒
... ...▒ ▒.....▒ ▒.o...▒
..▒▒▒▒▒▒.▒ ▒▒▒▒▒▒▒ ▒.▒▒▒▒▒ .....▒
.. ▒.▒ .....▒▒▒▒▒▒ ▒.▒ ▒........▒
▒o▒ ..▒▒▒▒▒▒.▒ ▒.▒ ▒▒▒ ▒.▒ ▒.▒
▒.▒ ..▒ ▒.▒ ▒▒▒


You could see 2 orc priests.

Vanquished Creatures
  An adder (D:2)
  A worm (D:2)
  3 dart slugs
  8 orcs (D:3)
  7 ball pythons
  5 endoplasms
  A giant cockroach (D:1)
  3 goblins
  5 hobgoblins
  2 jackals (D:2)
  A quokka (D:1)
  3 bats (D:2)
  6 kobolds
  3 rats
49 creatures vanquished.

Vanquished Creatures (others)
  A plant (D:1)
  7 toadstools (D:3)
8 creatures vanquished.

Grand Total: 57 creatures vanquished

Notes
Turn   | Place    | Note
-------+----------+-------------------------------------------
     0 | D:1      | shmup the Draconian Transmuter began the quest for the Orb.
     0 | D:1      | Reached XP level 1. HP: 16/16 MP: 3/3
   299 | D:1      | Reached XP level 2. HP: 21/23 MP: 3/5
   672 | D:1      | Learned a level 2 spell: Wereblood
  1376 | D:2      | Reached skill level 4 in Unarmed Combat
  1376 | D:2      | Reached XP level 3. HP: 26/28 MP: 4/6
  1886 | D:2      | Identified the +1 scale mail "Laast" {rN+}
  2152 | D:2      | Found a runed translucent door.
  2153 | D:2      | Noticed Crazy Yiuf
  2909 | D:3      | Reached XP level 4. HP: 31/35 MP: 5/7
  3199 | D:3      | Found a faded altar of an unknown god.
  3442 | D:3      | Killed from afar by an orc priest

Illustrated notes

Levels and vault maps discovered:
D:1:      lemuel_arrival_funnel, layout_loops_corners, serial_bayou_ford_a,
          minivault_24
D:2:      layout_loops_corners, minmay_misc_feat_doors, st_stairs_12,
          uniq_crazy_yiuf_cottage
D:3:      cheibrodos_fertilizer, layout_basic,
          shapermc_ecumenical_altar_hornbeckon

Skill      XL: |  1  2  3  4 |
---------------+-------------+-----
Unarmed Combat | 4 |  4.5
Transmutations | 3 |  3.0
Fighting       | |  1.1
Dodging        | |  1.7
Spellcasting   | |  2.0

Action                   |  1- 3 |  4- 6 || total
-------------------------+-------+-------++-------
Melee: Unarmed           |   135 |    29 ||   164
       Tailslap          |    23 |     1 ||    24
       Kick              |     3 |       ||     3
       Headbutt          |     2 |       ||     2
       Punch             |     3 |       ||     3
 Cast: Beastly Appendage |     3 |       ||     3
       Wereblood         |     4 |     1 ||     5
 Stab: Distracted        |     2 |       ||     2
       Sleeping          |     2 |       ||     2
Armor: Skin              |    23 |     5 ||    28
Dodge: Dodged            |    79 |     9 ||    88
